 Dungeon Crawl Stone Soup version 0.31-a0-986-g5e6e4ef867 (webtiles) character file.

Game seed: 7621758309189762076

129980 Persephone the Warrior (level 16, 0/143 HPs)
             Began as a Minotaur Monk on Nov 9, 2023.
             Was the Champion of Hepliaklqana.
             Slain by an alligator (15 damage)
             ... called by a spriggan druid
             ... on level 2 of the Swamp.
             The game lasted 00:48:12 (27333 turns).

Persephone the Warrior (Minotaur Monk)             Turns: 27333, Time: 00:48:13

Health: 0/143      AC: 31    Str: 23    XL:     16   Next: 51%
Magic:  24/24      EV: 11    Int:  7    God:    Hepliaklqana [******]
Gold:   1034       SH: 16    Dex: 14    Spells: 15/15 levels left

rFire   + . .        o - +9 lance "Wyrmbane" {slay drac, rPois rF+ rC+ AC+3}
rCold   + + +        t - +0 kite shield
rNeg    . . .        s - +3 plate armour {rC+}
rPois   +            (helmet restricted)
rElec   .            l - +0 cloak
rCorr   .            (no gloves)
SInv    .            i - +1 pair of boots
Will    +....        J - amulet of reflection Stlth
                     C - +4 ring of protection
HPRegen 0.43/turn    N - ring "Nocraapn" {Fly rC+}
MPRegen 0.19/turn

%: reflection
@: flying
A: reduced essence, horns 2, retaliatory headbutt
a: Renounce Religion, Recall Ancestor, Ancestor Identity, Transference, Idealise


You were on level 2 of the Swamp.
You worshipped Hepliaklqana.
Hepliaklqana was exalted by your worship.
You visited 5 branches of the dungeon, and saw 24 of its levels.
You also visited: Sewer.

You collected 2239 gold pieces.
You spent 1205 gold pieces at shops.

Inventory:

Hand Weapons
 o - the +9 lance "Wyrmbane" (weapon) {slay drac, rPois rF+ rC+ AC+3}
   (You took it off Maggie on level 7 of the Dungeon)

   AC+3:      It affects your AC (+3).
   rF+:       It protects you from fire.
   rC+:       It protects you from cold.
   rPois:     It protects you from poison
 z - a +1 war axe
Missiles
 g - a throwing net
Armour
 d - an orb of light
 i - a +1 pair of boots (worn)
 l - a +0 cloak (worn)
 s - a +3 plate armour of cold resistance (worn)
 t - a +0 kite shield (worn)
 y - the +1 ring mail of Elyvilon's Favour {*Corrode rN+++ Str+5 Stlth+}
   (You found it on level 5 of the Dungeon)

   Str+5:     It affects your strength (+5).
   rN+++:     It renders you almost immune to negative energy.
   *Corrode:  It may corrode you when you take damage.
   Stlth+:    It makes you more stealthy.
Jewellery
 C - a +4 ring of protection (left hand)
 F - an amulet of the acrobat
 J - an amulet of reflection (around neck)
 M - a ring of poison resistance
 N - the ring "Nocraapn" (right hand) {Fly rC+}
   (You acquired it on level 1 of the Swamp)

   [ring of flight]

   rC+:       It protects you from cold.
   Fly:       It grants you flight.
Wands
 b - a wand of iceblast (34) (quivered)
 f - a wand of mindburst (23)
 m - a wand of paralysis (22)
 L - a wand of acid (5)
Scrolls
 a - 2 scrolls of enchant weapon
 e - 17 scrolls of identify
 p - 2 scrolls of poison
 u - 4 scrolls of teleportation
 w - 3 scrolls of blinking
 x - a scroll of enchant armour
 A - 2 scrolls of silence
 K - 3 scrolls of vulnerability
 P - a scroll of torment
 Q - 3 scrolls of amnesia
 R - a scroll of fear
Potions
 c - 2 potions of ambrosia
 j - 3 potions of magic
 k - a potion of heal wounds
 n - 7 potions of curing
 q - 2 potions of cancellation
 r - 2 potions of might
 v - 2 potions of brilliance
 B - 4 potions of attraction
 D - 6 potions of mutation
 E - 5 potions of lignification
 G - 5 potions of enlightenment
 H - 2 potions of degeneration
 O - 2 potions of berserk rage


   Skills:
 + Level 18.9 Fighting
 - Level 17.5(17.6) Axes
 - Level 3.3(12.0) Polearms
 + Level 15.1 Armour
 - Level 11.2 Dodging
 + Level 10.1 Shields
 + Level 12.4 Invocations


You had 15 spell levels left.
You didn't know any spells.
Your spell library contained the following spells:

 Spells                   Type           Power      Damage    Failure   Level
 Necrotise                Necr           0%         1d4       100%        1
 Slow                     Hex            0%         N/A       100%        1
 Cigotuvi's Dreadful Rot  Necr/Pois/Air  0%         N/A       100%        2
 Ensorcelled Hibernation  Hex/Ice        0%         N/A       100%        2
 Jinxbite                 Hex            0%         N/A       100%        2
 Sublimation of Blood     Necr           0%         N/A       100%        2
 Confusing Touch          Hex            0%         N/A       100%        3
 Dazzling Flash           Conj/Hex       0%         N/A       100%        3
 Gell's Gravitas          Tloc           0%         N/A       100%        3
 Hailstorm                Conj/Ice       0%         3d3       100%        3
 Ignite Poison            Fire/Tmut/Pois 0%         N/A       100%        3
 Ozocubu's Armour         Ice            0%         N/A       100%        3
 Sigil of Binding         Hex            0%         N/A       100%        3
 Teleport Other           Tloc           0%         N/A       100%        3
 Vampiric Draining        Necr           0%         2d6       100%        3
 Anguish                  Hex/Necr       0%         N/A       100%        4
 Brom's Barrelling Bould  Conj/Erth      0%         2d3       100%        4
 Olgreb's Toxic Radiance  Pois           0%         N/A       100%        4
 Passage of Golubria      Tloc           0%         N/A       100%        4
 Petrify                  Tmut/Erth      0%         N/A       100%        4
 Summon Ice Beast         Ice/Summ       0%         N/A       100%        4
 Vhi's Electric Charge    Tloc/Air       0%         N/A       100%        4
 Agony                    Necr           0%         N/A       100%        5
 Arcjolt                  Conj/Air       0%         1d10      100%        5
 Fireball                 Conj/Fire      0%         3d3       100%        5
 Freezing Cloud           Conj/Ice/Air   0%         6-21      100%        5
 Irradiate                Conj/Tmut      0%         3d11      100%        5
 Iskenderun's Battlesphe  Conj           0%         2d6       100%        5
 Silence                  Hex/Air        0%         N/A       100%        5
 Summon Forest            Summ/Tloc      0%         N/A       100%        5
 Conjure Ball Lightning   Conj/Air       0%         3x3d6     100%        6
 Dispersal                Tloc           0%         N/A       100%        6
 Eringya's Noxious Bog    Tmut/Pois      0%         4d6       100%        6
 Plasma Beam              Fire/Air       0%         2x1d10    100%        6
 Simulacrum               Ice/Necr       0%         N/A       100%        6
 Malign Gateway           Summ/Tloc      0%         N/A       100%        7
 Orb of Destruction       Conj           0%         9d5       100%        7
 Ozocubu's Refrigeration  Ice            0%         4d7       100%        7
 Summon Hydra             Summ           0%         N/A       100%        7
 Discord                  Hex            0%         N/A       100%        8
 Ignition                 Fire           0%         3d3       100%        8
 Lehudib's Crystal Spear  Conj/Erth      0%         10d2      100%        8
 Summon Horrible Things   Summ           0%         N/A       100%        8


Dungeon Overview and Level Annotations

Branches:
Dungeon (13/15)            Temple (0/1) D:6            Lair (5/5) D:10
  Swamp (3/4) Lair:3       Spider (1/4) Lair:2        Slime (0/5) Lair:4
    Orc (2/2) D:10            Elf (0/3) Orc:2        Vaults (0/5) D:13
  Sewer (visited)

Altars:
Ashenzari
Cheibriados
Elyvilon
Fedhas
Gozag
Hepliaklqana
Nemelex Xobeh
Ru
Sif Muna
Trog
Xom
Zin

Shops:
D:5 **   D:7 (   D:10 ?   Orc:2 ?[[(

Portals:
Trove: D:12 (give +4 demon blade)

Annotations:
D:1 2 transporters
D:7 3 runed translucent doors, GreenGuy14's ghost, novice MiFi


Innate Abilities, Weirdness & Mutations

Your life essence is reduced to manifest your ancestor. (-10% HP)
You have a pair of horns on your head.
You reflexively headbutt those who attack you in melee.


Message History

You puncture the spriggan druid!
With its final breath, the spriggan druid offers up its power to the beasts of the wild!
The alligator is healed.
The alligator seems to grow more fierce.
You kill the spriggan druid!
You hear a splash. x2
The spriggan hits you but does no damage.
You block the alligator's attack. x2
You puncture the spriggan! You headbutt the spriggan.
The spriggan is almost dead.
The spriggan hits you but does no damage.
You hit the spriggan but do no damage. Your headbutt misses the spriggan.
The spriggan is almost dead.
The alligator bites you!!
* * * LOW HITPOINT WARNING * * *
You block the alligator's attack.
You impale the spriggan!!
You kill the spriggan!
You hear a splash. x2
You block the alligator's attack.
The alligator tail-slaps you but does no damage.
You block the alligator's attack. The alligator tail-slaps you.
* * * LOW HITPOINT WARNING * * *
Things that are here:
a +0 short sword; a +0 robe; a spriggan corpse You puncture the alligator!
Your headbutt misses the alligator.
The alligator is lightly wounded.
The alligator bites you.
* * * LOW HITPOINT WARNING * * *
You block the alligator's attack.
You impale the alligator!! You headbutt the alligator!
The alligator is heavily wounded.
You completely miss the alligator. You headbutt the alligator!
The alligator is heavily wounded.
The alligator closely misses you.
The alligator tail-slaps you but does no damage.
You puncture the alligator! You headbutt the alligator!
The alligator is almost dead.
The alligator bites you!
You die...

~~~...~♣♣..♣♣ ♣~.~~~.♣♣
~~~~..~♣~..♣ ♣♣♣♣.~.♣♣
~~~~.~.~..♣♣♣♣♣ ♣♣♣♣§♣
~~~~~÷>[...~~~♣♣♣♣♣♣♣.♣
~.........~♣♣♣.....♣♣♣♣
.~♣♣♣~...~.♣♣♣.~~~..♣ ♣♣♣
♣♣♣♣.~).♣♣.~~~~.♣ ~♣♣
♣<....§...~~~~~♣
.~♣♣♣♣..).>♣~.~t@~.~♣♣♣♣♣♣♣♣♣
~...♣~.~~[~[..♣)~~.♣.~......♣♣
~§~.~..~~~~~..♣.~~.~.~~~~~~.~♣♣
~~~..~.~♣~~~....~~...~~~~~~~..♣
(~~....♣♣♣♣♣.......♣♣♣~.~~~...♣
.~.♣♣♣♣♣ ♣~~~~..~...~.~~~~.♣♣
~..♣♣♣♣♣♣ ♣.♣♣♣~~..[...~~.~.♣
♣...♣~~~♣ ♣♣♣♣♣♣♣♣♣~♣..~.~..♣
..~~~~..♣♣♣♣.......♣♣♣♣~..~.♣♣♣♣


You could see an alligator (strong, drained).

Vanquished Creatures
  Mlioglotl (Swamp:1)
  A thorn hunter (Swamp:2)
  Donald (Orc:2)
  An orc warlord (Orc:2)
  The ghost of Xavori the Nimble, a journeyman DjCK of Xom (Lair:3)
  An eleionoma (Swamp:2)
  A bunyip (Swamp:2)
  12 hydras
  Snorg (D:12)
  A ghost crab (Swamp:2)
  9 alligators
  4 centaur warriors
  9 death yaks (Lair:5)
  2 two-headed ogres
  3 catoblepae (Lair:5)
  2 orc high priests
  A spriggan berserker (Swamp:2)
  3 pharaoh ants
  Sonja (Lair:4)
  2 skysharks (Lair:5)
  3 goliath frogs (Swamp:1)
  An orb spider (Spider:1)
  4 bog bodies (Swamp:2)
  6 swamp dragons
  4 spriggan druids (Swamp:2)
  A lindwurm (Lair:3)
  A deep elf archer (D:13)
  A deep elf zephyrmancer (D:13)
  3 deep elf pyromancers
  2 orc sorcerers (Orc:2)
  6 wolf spiders (Spider:1)
  2 orc knights
  4 cyclopes
  A will-o-the-wisp (Swamp:2)
  A moth of wrath (Lair:3)
  6 manticores
  2 ugly things (D:12)
  11 elephants
  Maurice (D:10)
  A torpor snail (Lair:5)
  6 black mambas
  2 gargoyles (D:10)
  A kobold demonologist (D:13)
  Jeremiah (D:6)
  7 cane toads
  An efreet (D:13)
  2 centaur skeletons (D:13)
  A rime drake (Lair:4)
  2 unseen horrors
  2 yaktaurs
  11 komodo dragons
  2 tyrant leeches
  A bloated husk (Swamp:1)
  2 polar bears
  8 tarantellas (Spider:1)
  4 hornets
  12 trolls
  3 dream sheep (Lair:5)
  14 blink frogs
  9 jumping spiders (Spider:1)
  4 slime creatures (D:12)
  47 yaks
  A shadow (D:12)
  8 wraiths
  4 spriggans
  8 culicivoras
  A wyvern (D:9)
  3 basilisks
  6 vampire mosquitoes
  A steam dragon (D:9)
  Menkaure (D:4)
  14 redbacks
  6 swamp worms
  8 wargs
  Duvessa (D:7)
  A sky beast (D:7)
  2 acid dragons (D:11)
  6 water moccasins
  34 orc warriors
  An ice beast (D:6)
  7 ogres
  10 wolves
  14 centaurs
  A phantom (D:7)
  2 gnoll sergeants
  11 bullfrogs
  5 kobold brigands
  4 scorpions
  9 wights
  3 killer bees (D:11)
  4 howler monkeys
  2 electric eels
  5 hexers
  Crazy Yiuf (D:2)
  A gnoll bouda (D:7)
  3 hounds
  17 orc priests
  6 iguanas
  A sleepcap (D:5)
  Terence (D:2)
  31 orc wizards
  4 hell rats (Lair:5)
  12 gnolls
  7 adders
  A river rat (Sewer)
  A shadow imp (D:7)
  An ufetubus (D:5)
  4 worms
  2 dart slugs
  86 orcs
  4 ball pythons
  9 endoplasms
  6 giant cockroaches
  4 hobgoblins
  3 jackals (D:1)
  7 quokkas
  2 bats (D:1)
  4 frilled lizards
  4 goblins
  17 kobolds
  7 rats
689 creatures vanquished.

Vanquished Creatures (collateral kills)
  The ghost of Ylluogh the Protected, an adept GnWn of Ashenzari (Swamp:2)
  A bunyip (Swamp:1)
  An entropy weaver (Spider:1)
  Josephine (Orc:1)
  2 hydras
  A boulder beetle (D:12)
  A two-headed ogre (D:11)
  An alligator (Swamp:2)
  A death yak (Lair:5)
  A spriggan (Swamp:2)
  A skeletal warrior (D:13)
  A skyshark (Lair:4)
  2 swamp dragons
  A bog body (Swamp:1)
  2 cyclopes
  2 will-o-the-wisps
  3 manticores
  A moth of wrath (Spider:1)
  An elephant (Lair:4)
  2 centaur skeletons (D:13)
  An unseen horror (D:11)
  Maggie (D:7)
  3 cane toads
  A rime drake (Lair:5)
  A komodo dragon (D:9)
  A troll (D:11)
  4 tyrant leeches
  3 tarantellas (Spider:1)
  A hornet (Swamp:2)
  4 blink frogs (Lair:5)
  2 dream sheep (Lair:5)
  A slime creature (D:11)
  A culicivora (Spider:1)
  Eustachio (D:6)
  4 yaks
  A basilisk (Lair:3)
  2 redbacks (Spider:1)
  2 swamp worms
  A warg (D:10)
  3 water moccasins
  5 orc warriors
  A wolf (Lair:5)
  2 ogres (Orc:2)
  3 kobold brigands
  2 bullfrogs
  A scorpion (D:6)
  Dowan (D:7)
  2 wights (D:8)
  An orc priest (Orc:1)
  7 orc wizards
  2 gnolls (D:7)
  An ufetubus (D:5)
  19 orcs
  A kobold (D:8)
113 creatures vanquished.

Vanquished Creatures (others)
  A bog body (Swamp:1)
  2 bloated husks
  A jumping spider (Spider:1)
  A swamp worm (Swamp:2)
  24 hexers
  8 foxfires
37 creatures vanquished.

Grand Total: 839 creatures vanquished

Notes
Turn   | Place    | Note
-------+----------+-------------------------------------------
     0 | D:1      | Persephone the Minotaur Monk began the quest for the Orb.
     0 | D:1      | Reached XP level 1. HP: 19/19 MP: 0/0
   174 | D:1      | Reached XP level 2. HP: 21/26 MP: 1/1
   467 | D:1      | Found a faded altar of an unknown god.
   712 | D:2      | Noticed Terence
   725 | D:2      | Killed Terence
   726 | D:2      | Reached skill level 5 in Axes
   726 | D:2      | Reached XP level 3. HP: 14/31 MP: 2/2
  1044 | D:2      | Reached XP level 4. HP: 39/39 MP: 3/3
  1390 | D:2      | Found a runed translucent door.
  1392 | D:2      | Noticed Crazy Yiuf
  1621 | D:2      | Killed Crazy Yiuf
  1766 | D:3      | Reached XP level 5. HP: 45/45 MP: 4/4
  1839 | D:3      | Identified the +7 whip of Timadyen {holy, Str+2}
  2568 | D:4      | Noticed Menkaure
  2577 | D:4      | Killed Menkaure
  2578 | D:4      | Reached XP level 6. HP: 42/51 MP: 5/5
  2708 | D:4      | Found a glowing drain.
  2723 | Sewer    | Entered a sewer
  3282 | D:4      | Reached XP level 7. HP: 40/57 MP: 6/6
  3425 | D:4      | Reached skill level 10 in Axes
  3623 | D:4      | Found a sacrificial altar of Ru.
  3623 | D:4      | Found a hazy altar of Hepliaklqana.
  3629 | D:4      | Became a worshipper of Hepliaklqana the Forgotten
  3629 | D:4      | Reached * piety under Hepliaklqana
  3629 | D:4      | Reached ** piety under Hepliaklqana
  3652 | D:5      | Entered Level 5 of the Dungeon
  3660 | D:5      | Identified the +1 ring mail of Elyvilon's Favour {*Corrode
                  | rN+++ Str+5 Stlth+}
  3661 | D:5      | Found Hoig's General Store.
  3923 | D:5      | Found Baeng's CLEARANCE SALE!.
  4016 | D:5      | You fall into a shaft and drop 1 floor!
  4020 | D:6      | Identified the +2 leather armour of Impressiveness {rElec
                  | Dex+4}
  4051 | D:6      | Remembered your ancestor Illuratum as a hexer
  4283 | D:6      | Found a staircase to the Ecumenical Temple.
  4312 | D:6      | Noticed Jeremiah
  4320 | D:6      | Reached XP level 8. HP: 27/57 MP: 7/7
  4347 | D:6      | Killed Jeremiah
  4348 | D:6      | Reached skill level 4 in Fighting
  4348 | D:6      | Reached skill level 1 in Armour
  4574 | D:6      | Reached XP level 9. HP: 45/63 MP: 8/8
  4696 | D:6      | Found a snail-covered altar of Cheibriados.
  4697 | D:6      | Found a broken altar of Ashenzari.
  4704 | D:6      | Noticed Eustachio
  4706 | D:6      | Found a white marble altar of Elyvilon.
  4715 | D:6      | Found a glowing silver altar of Zin.
  4723 | D:6      | Killed Eustachio
  4918 | D:6      | Found a shimmering altar of Xom.
  4918 | D:6      | Found a shimmering blue altar of Sif Muna.
  5148 | D:7      | Reached *** piety under Hepliaklqana
  5185 | D:7      | Noticed Dowan
  5193 | D:7      | Killed Dowan
  5194 | D:7      | Noticed Duvessa
  5209 | D:7      | Killed Duvessa
  5210 | D:7      | Reached skill level 5 in Fighting
  5360 | D:7      | Found Rofuy's Weapon Emporium.
  5373 | D:7      | Found a runed translucent gate.
  5375 | D:7      | Found a runed translucent gate.
  5399 | D:7      | Noticed Maggie
  5409 | D:7      | Killed Maggie
  5556 | D:7      | Reached skill level 1 in Polearms
  5916 | D:7      | Found a runed translucent gate.
  5920 | D:7      | Noticed GreenGuy14's ghost (novice MiFi)
  5920 | D:7      | Identified the +6 chain mail of Trumpets {+Inv}
  6219 | D:8      | Reached skill level 6 in Fighting
  6346 | D:8      | Noticed a manticore
  6355 | D:8      | Killed a manticore
  6356 | D:8      | Reached skill level 7 in Fighting
  6356 | D:8      | Reached XP level 10. HP: 77/77 MP: 9/9
  7052 | D:9      | Reached skill level 8 in Fighting
  7139 | D:9      | Reached **** piety under Hepliaklqana
  7150 | D:9      | Reached skill level 9 in Fighting
  7213 | D:9      | Found a bloodstained altar of Trog.
  7442 | D:10     | Entered Level 10 of the Dungeon
  7519 | D:10     | Noticed a gargoyle
  7526 | D:10     | Killed a gargoyle
  7555 | D:10     | Noticed a two-headed ogre
  7560 | D:10     | Killed a two-headed ogre
  7561 | D:10     | Reached skill level 10 in Fighting
  7577 | D:10     | Found a staircase to the Lair.
  7600 | D:10     | Reached skill level 11 in Fighting
  7617 | D:10     | Found a sparkling altar of Nemelex Xobeh.
  7627 | D:10     | Found a blossoming altar of Fedhas.
  7838 | D:10     | Reached XP level 11. HP: 85/91 MP: 10/10
  7866 | D:10     | Noticed Maurice
  7874 | D:10     | Killed Maurice
  7942 | D:10     | Found Duir's Magic Scroll Shoppe.
  8096 | D:10     | Reached skill level 12 in Fighting
  8123 | D:10     | Found a staircase to the Orcish Mines.
  8195 | Lair:1   | Entered Level 1 of the Lair of Beasts
  8773 | Lair:2   | Noticed a four-headed hydra
  8781 | Lair:2   | Killed a four-headed hydra
  8782 | Lair:2   | Reached skill level 5 in Dodging
  8782 | Lair:2   | Reached skill level 1 in Invocations
  8916 | Lair:2   | Reached ***** piety under Hepliaklqana
  8963 | Lair:2   | Found a hole to the Spider Nest.
  8963 | Lair:2   | Noticed a pharaoh ant
  8969 | Lair:2   | Killed a pharaoh ant
  8970 | Lair:2   | Reached skill level 13 in Fighting
  9056 | Lair:2   | Reached skill level 5 in Armour
  9859 | IceCv    | Identified the "Guhiff"
  9980 | Lair:3   | Found a transporter.
 10009 | Lair:3   | Identified the +1 falchion "Pesump" {flame, Int+3 Dex+3}
 10040 | Lair:3   | Noticed a four-headed hydra
 10048 | Lair:3   | Killed a four-headed hydra
 10059 | Lair:3   | Reached XP level 12. HP: 100/103 MP: 13/13
 10129 | Lair:3   | Noticed a four-headed hydra
 10129 | Lair:3   | Noticed a four-headed hydra
 10136 | Lair:3   | Killed a four-headed hydra
 10141 | Lair:3   | Killed a four-headed hydra
 10482 | Lair:3   | Reached skill level 14 in Fighting
 10485 | Lair:3   | Reached skill level 5 in Invocations
 10612 | Lair:3   | Noticed a four-headed hydra
 10613 | Lair:3   | Noticed a seven-headed hydra
 10628 | Lair:3   | Found a transporter.
 10628 | Lair:3   | Found a frozen archway.
 10628 | Lair:3   | Noticed Xavori's ghost (journeyman DjCK)
 10720 | Lair:3   | Found a staircase to the Swamp.
 10765 | Lair:3   | Noticed a six-headed hydra
 10776 | Lair:3   | Killed a six-headed hydra
 11363 | Lair:4   | Found a staircase to the Slime Pits.
 11383 | Lair:4   | Identified the +10 shortbow of Sudden Death {speed, Int+2}
 11449 | Lair:4   | Noticed Sonja
 11459 | Lair:4   | Killed Sonja
 11574 | Lair:4   | Reached XP level 13. HP: 104/112 MP: 16/16
 12308 | Lair:5   | Identified the "Fokhleocle"
 12308 | Lair:5   | Entered Level 5 of the Lair of Beasts
 12468 | Lair:5   | Reached skill level 15 in Fighting
 12607 | Lair:5   | Reached skill level 10 in Armour
 12718 | Lair:5   | Reached ****** piety under Hepliaklqana
 12718 | Lair:5   | Identified the +2 leather armour "Uxeuzes" {rPois}
 12744 | Lair:5   | Reached skill level 10 in Dodging
 13653 | Lair:5   | Reached XP level 14. HP: 93/122 MP: 17/19
 13772 | Lair:5   | Reached skill level 16 in Fighting
 14639 | Orc:1    | Entered Level 1 of the Orcish Mines
 14868 | Orc:1    | Noticed Josephine
 14880 | Orc:1    | Killed Josephine
 15107 | Orc:2    | Entered Level 2 of the Orcish Mines
 15207 | Orc:2    | Noticed Donald
 15221 | Orc:2    | Killed Donald
 15434 | Orc:2    | Reached skill level 1 in Shields
 15442 | Orc:2    | Paralysed by an orc sorcerer for 3 turns
 15607 | Orc:2    | Noticed an orc warlord
 16332 | Orc:2    | Found a staircase to the Elven Halls.
 16443 | Orc:2    | Found Kiarag's Magic Scroll Boutique.
 16560 | Orc:2    | Paralysed by an orc sorcerer for 4 turns
 16670 | Orc:2    | Found Ojery's Armour Shoppe.
 16825 | Orc:2    | Found Apruumi's Antique Armour Shoppe.
 16829 | Orc:2    | Found Kiep's Antique Weapon Emporium.
 17739 | D:11     | Reached skill level 10 in Invocations
 17858 | D:11     | Reached skill level 17 in Fighting
 18737 | Lair:3   | Reached XP level 15. HP: 51/132 MP: 21/21
 18760 | Lair:3   | Killed Xavori's ghost
 18761 | Lair:3   | Reached skill level 5 in Shields
 18913 | Lair:3   | Identified the amulet "Uwirph" {Faith rElec rC- Int-2
                  | Stlth+}
 18917 | Lair:3   | Identified the +11 short sword "Soywaveupp" {heavy, *Noise
                  | rPois rF+ Will+}
 19461 | D:12     | Found an opulent altar of Gozag.
 19523 | D:12     | Found a portal to a secret trove of treasure.
 19656 | D:12     | Noticed Snorg
 19663 | D:12     | Killed Snorg
 20613 | D:5      | Bought a scroll of teleportation for 6 gold pieces
 20721 | D:10     | Bought a scroll of blinking for 97 gold pieces
 20721 | D:10     | Bought a scroll of teleportation for 39 gold pieces
 20814 | D:5      | Bought a potion of heal wounds for 75 gold pieces
 20975 | Swamp:1  | Entered Level 1 of the Swamp
 21412 | Swamp:1  | Noticed Mlioglotl
 21436 | Swamp:1  | Noticed a lich
 21442 | Swamp:1  | Killed Mlioglotl
 22181 | Swamp:1  | Identified a scroll of acquirement
 22181 | Swamp:1  | Acquired the ring "Nocraapn" {Fly rC+}
 22292 | Spider:1 | Entered Level 1 of the Spider Nest
 22470 | Spider:1 | Reached skill level 18 in Fighting
 23931 | Swamp:2  | Found a runed translucent door.
 24286 | Orc:2    | Bought a glowing plate armour for 494 gold pieces
 24286 | Orc:2    | Bought a shiny plate armour for 494 gold pieces
 24705 | D:13     | Reached XP level 16. HP: 119/141 MP: 23/23
 24804 | D:13     | Found a gate to the Vaults.
 24960 | D:13     | Found a glowing silver altar of Zin.
 25298 | Swamp:2  | Noticed Ylluogh's ghost (adept GnWn)
 26006 | Swamp:2  | Noticed a thorn hunter
 26024 | Swamp:2  | Killed a thorn hunter
 26386 | Swamp:2  | Killed Ylluogh's ghost
 26844 | Swamp:2  | Reached skill level 15 in Armour
 27146 | Swamp:2  | Reached skill level 10 in Shields
 27333 | Swamp:2  | Slain by an alligator

Illustrated notes

Levels and vault maps discovered:
D:1:      spicycebolla_arrival_transporter_tutorial, layout_rooms,
          shapermc_ecumenical_altar_mp_urbaneastern,
          wander_ebering_terrifying_dragon_lair
D:2:      layout_basic, serial_forest, infiniplex_forest_lined_1,
          infiniplex_forest_lined_ring, infiniplex_forest_zigzag_1,
          infiniplex_forest_end_2, infiniplex_forest_zigzag_2,
          infiniplex_forest_lined_2, infiniplex_forest_clump_large,
          infiniplex_forest_straight_2, uniq_crazy_yiuf_cottage, uniq_terence
D:3:      layout_loops_ring, minmay_misc_feat_five
D:4:      layout_loops_ring, gammafunk_temple_overflow_wave,
          portal_sewer_entry_f, uniq_menkaure
D:5:      layout_rooms, serial_shops, shop, minmay_hedge_maze,
          nicolae_shop_clearance
D:6:      layout_loops_cross, nicolae_overflow_two_pavilions,
          nicolae_overflow_macrodata_refinement, temple_green, uniq_eustachio,
          uniq_jeremiah
D:7:      layout_rooms, serial_shops, kennysheep_mini_moat,
          biasface_ghost_orc_armoury, minivault_14, uniq_duvessa, uniq_maggie
D:8:      layout_basic
D:9:      layout_rooms, mainiacjoe_overflow_paths
D:10:     layout_roguey, mainiacjoe_overflow_big_doors,
          erik_lair_orcish_takeover, david_orc_4, serial_shops, shop,
          uniq_maurice
D:11:     cheibrodos_ideogram_h, layout_basic, nooodl_orcs_dogs
D:12:     layout_stronghold, nicolae_trove_entry_columns,
          grunt_gozag_breadcrumbs, uniq_snorg
D:13:     layout_cave_pools, hangedman_vaults_entry_quadrant_bands, zin_statuary
Lair:1:   layout_hall_layers
Lair:2:   layout_long_grid, nicolae_spider_entry_lesser_pyramids,
          enter_volcano_1
Lair:3:   beast_lair_carwin_large_3, layout_regular_city,
          mainiacjoe_swamp_entry_lozenge_pond, portal_ice_cave_entry_pillars_1,
          gammafunk_ghost_berserking_beasts, st_stairs_6
Lair:4:   layout_cave_pods, slime_entry_1, uniq_sonja
Lair:5:   evilmike_catoblepas_cave, layout_cave_pods, grunt_megastairs_4
Swamp:1:  layout_basic_swamp, nicolae_swamp_big_swirl, swamp_pool_1_2,
          grunt_hermit_hut, uniq_mlioglotl
Swamp:2:  layout_basic_swamp, ebering_ghost_reflecting_pool,
          nicolae_swamp_tree_designs
Swamp:3:  layout_falls_marsh, evilmike_swamp_ruin_house_1,
          infiniplex_staircase_pool_2
Spider:1: layout_spider_delve, guppyfry_hornet_nest
Orc:1:    layout_caves, uniq_josephine
Orc:2:    grunt_orc_community_town_hall, layout_diamond_mine,
          grunt_orc_community_big_house_2, grunt_orc_community_big_house_2,
          grunt_orc_community_house_2, grunt_orc_community_house_3,
          grunt_orc_community_house_2, grunt_orc_community_house_2, uniq_donald

Skill      XL: |  1  2  3  4  5  6  7  8  9 10 11 12 13 14 15 16 |
---------------+-------------------------------------------------+-----
Axes           | 4 5 6 7 8 9 17 | 17.5
Fighting       | 4 7 11 13 14 15 17 18 | 18.9
Armour         | 1 3 6 8 10 12 14 15 | 15.1
Dodging        | 4 6 8 10 11 | 11.2
Polearms       | 3 |  3.3
Invocations    | 3 6 8 10 11 12 | 12.4
Shields        | 4 8 10 | 10.1

Action                     |  1- 3 |  4- 6 |  7- 9 | 10-12 | 13-15 | 16-18 || total
---------------------------+-------+-------+-------+-------+-------+-------++-------
  Melee: Hand axe          |    67 |   139 |    35 |       |       |       ||   241
         Headbutt          |    18 |    26 |    30 |   104 |   308 |    92 ||   578
         War axe           |       |       |    73 |       |       |       ||    73
         Lance             |       |       |    42 |   499 |  1520 |   364 ||  2425
 Invoke: Recall Ancestor   |       |       |     1 |       |     1 |     2 ||     4
         Ancestor Life: He |       |       |     1 |       |       |       ||     1
         Idealise          |       |       |       |       |     2 |     1 ||     3
         Transference      |       |       |       |       |     1 |     1 ||     2
  Evoke: Wand              |       |       |     4 |       |    34 |     3 ||    41
    Use: Potion            |       |     1 |     1 |       |    15 |       ||    17
         Scroll            |       |       |    15 |     6 |    16 |     4 ||    41
   Stab: Paralysed         |       |       |     2 |       |    52 |     6 ||    60
         Distracted        |       |       |     1 |    11 |     9 |     9 ||    30
         Confused          |       |       |       |    11 |    23 |     4 ||    38
         Sleeping          |       |       |       |       |     4 |       ||     4
 Armour: Robe              |    34 |       |       |       |       |       ||    34
         Chain mail        |    17 |    77 |    28 |       |       |       ||   122
         Ring mail         |       |       |    61 |   141 |   581 |       ||   783
         Plate armour      |       |       |       |       |     2 |   246 ||   248
  Dodge: Dodged            |    22 |    47 |    65 |   119 |   412 |    72 ||   737
  Block: Orb               |       |       |       |       |    30 |       ||    30
         Kite shield       |       |       |       |       |   492 |   202 ||   694
         Reflection        |       |       |       |       |    34 |     6 ||    40

Table legend: (Time is in decaauts)
 A = Elapsed time spent in this place.
 B = Non-inter-level travel time spent in this place.
 C = Inter-level travel time spent in this place.
 D = Time resting spent in this place.
 E = Time spent auto-exploring this place.
 F = Levels seen in this place.
 G = Mean time per level.
                   A        B        C        D        E       F      G
               +--------+--------+--------+--------+--------+-----+--------+
         Total |  26432 |  24120 |   2312 |    100 |  19586 |  25 | 1057.3 |
       Dungeon |  11891 |  10618 |   1273 |      0 |   9055 |  13 |  914.7 |
          Lair |   7134 |   6388 |    746 |      0 |   5370 |   5 | 1426.8 |
         Swamp |   3282 |   3216 |     66 |      0 |   2473 |   3 | 1094.0 |
   Spider Nest |   1206 |   1166 |     40 |      0 |    868 |   1 | 1206.0 |
  Orcish Mines |   2475 |   2291 |    184 |    100 |   1502 |   2 | 1237.5 |
         Sewer |    442 |    442 |      0 |      0 |    316 |   1 |  442.0 |
               +--------+--------+--------+--------+--------+-----+--------+

Top non-repeatable levels by time:
   Orc:2: 2055 daAuts
  Lair:5: 1796 daAuts
    D:11: 1664 daAuts
 Swamp:2: 1623 daAuts
  Lair:3: 1590 daAuts
 Swamp:1: 1583 daAuts
  Lair:4: 1473 daAuts
  Lair:2: 1427 daAuts
Spider:1: 1206 daAuts
    D:12: 1172 daAuts
     D:6: 1129 daAuts
    D:10: 1064 daAuts
     D:2: 1037 daAuts
     D:8: 957 daAuts
     D:7: 945 daAuts
